 Dungeon Crawl Stone Soup version 0.21.1-1-g345015f (webtiles) character file.

5034 Mirai the Cleaver (level 10, 0/129 HPs)
             Began as a Green Draconian Fighter on Mar 7, 2018.
             Was a Believer of Qazlal.
             Killed by divine providence
             ... invoked by an orc priest
              (11 damage)
             ... on level 8 of the Dungeon.
             The game lasted 00:24:11 (8065 turns).

Mirai the Cleaver (Green Draconian Fighter)         Turns: 8065, Time: 00:24:11

Health: 0/129      AC: 10    Str: 24 (26) XL:     10   Next: 30%
Magic:  10/10      EV: 13    Int: 10      God:    Qazlal [**....]
Gold:   258        SH: 14    Dex: 11 (12) Spells: 9/9 levels left

rFire    . . .     SeeInvis .   a - +0 war axe
rCold    . . .     Gourm    .   b - +0 shield
rNeg     . . .     Faith    .   (armour unavailable)
rPois    +         Spirit   .   (helmet restricted)
rElec    .         Reflect  .   (no cloak)
rCorr    .         Harm     .   p - +2 pair of gloves
MR       .....                  (no boots)
Stlth    ..........             (no amulet)
HPRegen  0.31/turn              (no ring)
MPRegen  0.12/turn              (no ring)

@: berserking (expiring), short of breath, slowed
A: breathe noxious fumes, unfitting armour, talons 1, clever 1, poison
resistance, wild magic 1, evolution 1, cold-blooded, AC +7
a: Breathe Noxious Fumes, Upheaval, Renounce Religion


You were on level 8 of the Dungeon.
You worshipped Qazlal.
Qazlal was pleased with you.
You were hungry.

You visited 2 branches of the dungeon, and saw 9 of its levels.

You collected 258 gold pieces.

Inventory:

Hand Weapons
 a - a +0 war axe (weapon)
Armour
 b - a +0 shield (worn)
 h - a +0 shield
 k - a +0 large shield
 p - a +2 pair of gloves (worn)
Wands
 r - a wand of flame (26)
 v - a wand of digging (12)
 B - a wand of iceblast (1)
Scrolls
 e - 2 scrolls of remove curse
 g - 3 scrolls of identify
 i - 3 scrolls of blinking
 l - 4 scrolls of teleportation
 y - a scroll of fear
Potions
 c - a potion of haste
 m - 2 potions of flight
 n - 4 potions of curing
 w - a potion of lignification
Books
 t - a book of Alchemy

   Spells                             Type                      Level
   a - Sublimation of Blood           Necromancy                   2
   b - Ignite Poison                  Fire/Transmutation/Poison    3
   c - Petrify                        Transmutation/Earth          4
   d - Alistair's Intoxication        Transmutation/Poison         5
   e - Irradiate                      Conjuration/Transmutation    5
Miscellaneous
 A - a lamp of fire
Comestibles
 d - 19 rations
 f - a chunk of flesh


   Skills:
 + Level 7.1 Fighting
 + Level 10.8 Axes
 + Level 6.5 Dodging
 + Level 7.3 Shields


You had 9 spell levels left.
You didn't know any spells.

Dungeon Overview and Level Annotations

Branches:
Dungeon (8/15)             Temple (1/1) D:5
   Lair: D:8-11

Altars:
Cheibriados
Makhleb
Nemelex Xobeh
Qazlal
Ru
Sif Muna
Uskayaw
Wu Jian
Zin
The Shining One
Beogh

Shops:
D:7 =


Innate Abilities, Weirdness & Mutations

You can breathe blasts of noxious fumes.
Your lurid green scales are hard. (AC +7)
You cannot fit into any form of body armour.
Your system is resistant to poisons. (rPois)
You are cold-blooded and may be slowed by cold attacks.
You have sharp toenails.
Your mind is acute. (Int +2)
Your spells are a little harder to cast, but a little more powerful.
You evolve.


Message History

The orc knight is moderately wounded.
The orc priest invokes the aid of Beogh against you.
Beogh smites you!
* * * LOW HITPOINT WARNING * * *
The orc priest calls down the wrath of Beogh upon you.
Beogh smites you!
* * * LOW HITPOINT WARNING * * *
You hit the orc knight. Your kick misses the orc knight.
The orc knight is moderately wounded.
The orc knight hits you with a great sword!
* * * LOW HITPOINT WARNING * * *
The orc priest begins to cast a cantrip, but forgets the words!
Unknown command.
You are too berserk!
You are too berserk!
You are too berserk!
Unknown command.
The orc priest mumbles some strange prayers to Beogh against you.
Beogh smites you!
You die...

....... #### ##.8.8. #
...# ..$_$. .# #.###
.8)8.##.# ##....
:oO..#.# ###...#. #.
#:#....# ##..>#...
#...#####)o.###..###..#
#....@.oo.# #.........
#############.#######.
.#############.........#
.......©.......#######..
..............## ###
.......######## ###.
.....## #... .....
###.## #### ####...##


You could see an orc knight, an ogre, 2 orc priests and an orc.

Vanquished Creatures
  2 two-headed ogres
  A gargoyle (D:7)
  Grinder (D:5)
  Sigmund (D:5)
  Menkaure (D:5)
  2 orc warriors
  An ice beast (D:7)
  A sky beast (D:7)
  2 phantoms
  5 ogres
  A centaur (D:7)
  The ghost of YrmMerkstave the Poker, an amateur MfSk (D:4)
  A bullfrog (D:3)
  A gnoll sergeant (D:7)
  3 scorpions
  5 howler monkeys
  8 crimson imps
  A jelly (D:5)
  2 hounds
  4 orc priests
  11 orc wizards
  3 iguanas
  2 bullfrog skeletons
  7 worker ants
  A hound zombie (D:7)
  2 worker ant zombies (D:6)
  Robin (D:3)
  8 gnolls (D:7)
  6 adders
  2 shadow imps (D:5)
  An adder skeleton (D:7)
  2 worms
  3 dart slugs (D:1)
  5 leopard geckos
  22 orcs
  A ball python (D:5)
  10 bats
  9 giant cockroaches
  9 hobgoblins
  6 jackals
  2 quokkas
  A ball python skeleton (D:6)
  6 frilled lizards
  A giant cockroach zombie (D:5)
  12 goblins
  9 kobolds
  A leopard gecko skeleton (D:5)
  6 rats
193 creatures vanquished.

Notes
Turn   | Place    | Note
-------+----------+-------------------------------------------
     0 | D:1      | Mirai the Draconian Fighter began the quest for the Orb.
     0 | D:1      | Reached XP level 1. HP: 19/19 MP: 1/1
   441 | D:1      | Reached XP level 2. HP: 26/26 MP: 2/2
   739 | D:1      | Reached XP level 3. HP: 31/31 MP: 3/3
  1274 | D:2      | Found a sacrificial altar of Ru.
  1306 | D:2      | Reached skill level 3 in Axes
  1306 | D:2      | Reached XP level 4. HP: 38/39 MP: 4/4
  1337 | D:2      | Found a sacrificial altar of Ru.
  1639 | D:3      | Noticed a bullfrog
  1651 | D:3      | HP: 1/40 [bullfrog (6)]
  1652 | D:3      | Killed a bullfrog
  1652 | D:3      | Reached skill level 4 in Axes
  1652 | D:3      | Reached XP level 5. HP: 2/46 MP: 5/5
  1949 | D:3      | Noticed Robin
  1959 | D:3      | Killed Robin
  2364 | D:4      | Reached XP level 6. HP: 44/52 MP: 6/6
  2939 | D:4      | Reached skill level 5 in Axes
  3193 | D:4      | Noticed YrmMerkstave's ghost (amateur MfSk)
  3200 | D:4      | Killed YrmMerkstave's ghost
  3200 | D:4      | Your scales start taking on a lurid green colour.
  3200 | D:4      | Reached XP level 7. HP: 42/60 MP: 7/7
  3200 | D:4      | Gained mutation: Your system is resistant to poisons. (rPois) [Green Draconian growth]
  3564 | D:5      | Entered Level 5 of the Dungeon
  3649 | D:5      | Reached skill level 6 in Axes
  3717 | D:5      | Found a staircase to the Ecumenical Temple.
  3717 | D:5      | Noticed Menkaure
  3727 | D:5      | Killed Menkaure
  3731 | Temple   | Entered the Ecumenical Temple
  3743 | Temple   | Became a worshipper of Qazlal Stormbringer
  3985 | D:5      | Reached skill level 5 in Fighting
  3985 | D:5      | Reached XP level 8. HP: 68/68 MP: 8/8
  4096 | D:5      | Noticed Grinder
  4097 | D:5      | Reached skill level 5 in Shields
  4113 | D:5      | Paralysed by Grinder for 2 turns
  4117 | D:5      | Paralysed by Grinder for 2 turns
  4123 | D:5      | Killed Grinder
  4123 | D:5      | Reached skill level 7 in Axes
  4349 | D:5      | Noticed Sigmund
  4357 | D:5      | Killed Sigmund
  4397 | D:5      | Reached skill level 8 in Axes
  4397 | D:5      | Reached skill level 5 in Dodging
  4805 | D:5      | Noticed a two-headed ogre
  4814 | D:5      | Killed a two-headed ogre
  4814 | D:5      | Reached XP level 9. HP: 53/75 MP: 9/9
  4997 | D:6      | Reached * piety under Qazlal
  5089 | D:6      | Reached skill level 9 in Axes
  5971 | D:7      | Found Hofa's Jewellery Boutique.
  6021 | D:7      | Noticed a gargoyle
  6496 | D:7      | Reached skill level 10 in Axes
  6538 | D:7      | Reached ** piety under Qazlal
  6610 | D:7      | Killed a gargoyle
  6897 | D:7      | Reached XP level 10. HP: 84/84 MP: 10/10
  7091 | D:8      | Gained mutation: You have sharp toenails. [potion of mutation]
  7091 | D:8      | Gained mutation: You evolve. [potion of mutation]
  7091 | D:8      | Gained mutation: Your mind is acute. (Int +2) [potion of mutation]
  7091 | D:8      | Gained mutation: Your spells are a little harder to cast, but a little more powerful. [potion of mutation]
  7138 | D:8      | Noticed a two-headed ogre
  7432 | D:7      | Killed a two-headed ogre
  8039 | D:8      | Found a transporter.
  8047 | D:8      | Noticed an orc knight
  8047 | D:8      | Found a roughly hewn altar of Beogh.
  8065 | D:8      | Killed from afar by an orc priest

Skill      XL: |  1  2  3  4  5  6  7  8  9 10 |
---------------+-------------------------------+-----
Dodging        | 3 4 5 6 |  6.5
Axes           | 3 4 5 6 8 10 | 10.8
Fighting       | 4 5 6 7 |  7.1
Shields        | 4 5 6 7 |  7.3

Action                   |  1- 3 |  4- 6 |  7- 9 | 10-12 || total
-------------------------+-------+-------+-------+-------++-------
Melee: War axe           |   148 |   111 |   388 |    57 ||   704
       Tailslap          |    14 |    10 |    60 |     6 ||    90
       Kick              |       |       |       |    15 ||    15
 Abil: Breathe Noxious F |       |       |     8 |     3 ||    11
Evoke: Wand              |       |       |       |     2 ||     2
  Use: Potion            |       |     2 |       |    10 ||    12
       Scroll            |       |       |     4 |     3 ||     7
 Stab: Confused          |       |       |     3 |     1 ||     4
  Eat: Chunk             |     2 |     6 |    10 |     4 ||    22
       Ration            |       |       |     1 |       ||     1
Armor: Skin              |    60 |    36 |    83 |    10 ||   189
Dodge: Dodged            |   102 |    58 |   147 |    22 ||   329
Block: Shield            |   112 |    62 |   165 |    30 ||   369
